 Dungeon Crawl Stone Soup version 0.27.0-1-g7a08968 (webtiles) character file.

Game seed: 7712892270241654797

40 MercyWheel the Sneak (level 3, 0/30 HPs)
             Began as a Demigod Delver on Sept 4, 2021.
             Slain by Robin (6 damage)
             ... on level 2 of the Dungeon.
             The game lasted 00:04:16 (1886 turns).

MercyWheel the Sneak (Demigod Delver)               Turns: 1886, Time: 00:04:17

Health: 0/30       AC:  4    Str: 13    XL:     3   Next: 14%
Magic:  5/5        EV: 12    Int: 12    God:
Gold:   57         SH:  0    Dex: 19    Spells: 2/2 levels left

rFire    . . .     SeeInvis .   a - +0 falchion
rCold    . . .     Faith    .   (no shield)
rNeg     . . .     Spirit   .   b - +0 leather armour
rPois    .         Reflect  .   k - +0 helmet
rElec    .         Harm     .   (no cloak)
rCorr    .         Rampage  .   (no gloves)
Will     .....                  (no boots)
Stlth    +++.......             e - amulet of the acrobat
HPRegen  0.10/turn              (no ring)
MPRegen  0.09/turn              (no ring)

@: no status effects
A: high mp 1, forlorn
a: no special abilities


You were on level 2 of the Dungeon.
You visited 1 branch of the dungeon, and saw 5 of its levels.

You collected 57 gold pieces.

Inventory:

Hand Weapons
 a - a +0 falchion (weapon)
Missiles
 n - 14 poisoned darts (quivered)
Armour
 b - a +0 leather armour (worn)
 k - a +0 helmet (worn)
Jewellery
 e - an amulet of the acrobat (around neck)
Wands
 g - a wand of digging (3)
Scrolls
 c - a scroll of fog
 d - a scroll of magic mapping
 h - a scroll of identify {unknown}
 i - a scroll of teleportation {unknown}
 l - a scroll of brand weapon {unknown}
Potions
 f - a potion of haste
 j - a potion of invisibility {unknown}
 m - 3 potions of lignification {unknown}


   Skills:
 - Level 2.6 Fighting
 + Level 3.4 Long Blades
 - Level 1.7 Dodging
 - Level 4.5 Stealth


You had 2 spell levels left.
You didn't know any spells.
Your spell library contained the following spells:

 Spells                   Type           Power      Damage    Failure   Level
 Animate Skeleton         Necr           0%         N/A       38%         1
 Pain                     Necr           0%         1d4       38%         1
 Gell's Gravitas          Tloc           0%         N/A       77%         3
 Teleport Other           Tloc           0%         N/A       77%         3
 Vampiric Draining        Necr           0%         2d6       77%         3
 Dispersal                Tloc           0%         N/A       100%        6


Dungeon Overview and Level Annotations

Branches:
Dungeon (5/15)
 Temple: D:4-7

Annotations:
D:1 exclusion: 2 downstairs
D:2 Robin


Innate Abilities, Weirdness & Mutations

Your attributes grow dramatically as you level up.
You have an increased reservoir of magic. (+10% MP)
You shall have no god before yourself.


Message History

Robin is almost dead.
You hit Robin but do no damage.
Robin is almost dead.
Robin closely misses you.
You hit Robin but do no damage.
Robin is almost dead.
Robin hits you with a +0 spear.
You barely miss Robin.
Robin is almost dead.
Robin completely misses you.
You riposte.
You barely miss Robin.
Robin is almost dead.
You closely miss Robin.
Robin is almost dead.
Robin hits you with a +0 spear. Robin barely misses you.
You barely miss Robin.
Robin is almost dead.
Robin hits you but does no damage.
You hit Robin but do no damage.
Robin is almost dead.
Robin misses you.
You hit Robin but do no damage.
Robin is almost dead.
Robin closely misses you.
You completely miss Robin.
Robin is almost dead.
Robin hits you with a +0 spear!
You closely miss Robin.
Robin is almost dead.
Robin hits you with a +0 spear.
* * * LOW HITPOINT WARNING * * *
You hit Robin but do no damage.
Robin is almost dead.
Robin hits you with a +0 spear.
* * * LOW HITPOINT WARNING * * *
You hit Robin but do no damage.
Robin is almost dead.
Robin hits you with a +0 spear.
* * * LOW HITPOINT WARNING * * *
Robin hits you with a +0 spear.
You die...

#........#.#.# #...#
#............###...#####
#.....>.....g...g..)...#########
#...g....g.#####...###.##.......
#....g...#.# #...# #).........
##.###g#.#.# #...# #..........
###.........# ##### #..........
#..g......#############)...#####.
#g#####.(.....)g@.).)............
#g....#########.....#####..#####.
#####.# #.....# ##.# #. #.#
####.....# #.## ## #.# #........#
#..##### #.# #........# #......#
#g# #........# #......# #)#
#........# #...(..# #<#
########## #......#


You could see Robin.

Vanquished Creatures
  3 endoplasms
  2 giant cockroaches
  13 goblins
  4 hobgoblins
  2 ball pythons
  3 bats
  3 kobolds
  6 rats
36 creatures vanquished.

Notes
Turn   | Place    | Note
-------+----------+-------------------------------------------
     0 | D:5      | MercyWheel the Demigod Delver began the quest for the Orb.
     0 | D:5      | Reached XP level 1. HP: 18/18 MP: 3/3
   290 | D:1      | Reached XP level 2. HP: 23/25 MP: 4/4
  1084 | D:2      | Noticed Robin
  1533 | D:2      | Reached XP level 3. HP: 30/30 MP: 5/5
  1886 | D:2      | Slain by Robin

Illustrated notes

Levels and vault maps discovered:
D:1:      dpeg_arrival_chambers_temple_mockup, layout_basic,
          chequers_decorated_corner
D:2:      layout_basic, uniq_robin
D:3:      layout_loops_ring, lemuel_doored_altar,
          nicolae_gozag_zags_fifth_avenue, uniq_crazy_yiuf_cottage, uniq_grinder
D:4:      layout_basic, minmay_bent
D:5:      lemuel_insect_pit, layout_basic, okawaru_metal_pillars_1_2,
          minmay_misc_feat_five, uniq_menkaure

Skill      XL: |  1  2 |
---------------+-------+-----
Long Blades    | 2 3 |  3.4
Fighting       | |  2.6
Dodging        | |  1.7
Stealth        | |  4.5

Action                   || total
-------------------------++-------
Melee: Falchion          ||    95
Throw: Dart              ||     2
  Use: Scroll            ||     1
 Stab: Sleeping          ||     5
       Distracted        ||     1
Armor: Leather armour    ||    19
Dodge: Dodged            ||   104
       Rpst.: Falchion   ||    25
